Map: Tropical Sacrifice

Players

MrMasterMind

  • Race: Zerg Zerg
  • League: Master
  • Spawn Location: 1:00

RatioPlusL (Vindicta) - Winner!

  • Race: Terran Terran
  • League: Grandmaster
  • Spawn Location: 7:00

VOD

Have the link to the VOD?

Description

Time

  • Played on: Aug. 11, 2022, 7:40 p.m.
  • Length: 5:57
Show
View Real Time Build Order
Export as new Build Order

MrMasterMind Zerg 

Build Orders: Hatch First 

Get SALT Encoding   

  12  0:00  Drone  
  13  0:12  Overlord  
  13  0:17  Drone  
  14  0:31  Drone x2  
  16  0:50  Hatchery  
  16  0:53  Drone  
  16  0:58  Drone  
  16  1:00  Drone  
  18  1:13  Extractor  
  18  1:16  Spawning Pool  
  16  1:20  Drone  
  16  1:22  Drone  
  18  1:29  Drone  
  19  1:38  Drone  
  20  1:49  Overlord  
  20  2:04  Queen x2, Zergling x4  
  26  2:12  Drone x2  
  28  2:16  Metabolic Boost  
  28  2:22  Drone  
  29  2:23  Drone  
  30  2:41  Hatchery  
  29  2:45  Queen  
  29  2:51  Overlord  
  31  2:53  Drone  
  31  2:54  Drone  
  31  2:57  Drone  
  34  2:59  Drone  
  34  3:01  Drone  
  36  3:13  Queen  
  36  3:16  Drone x4  
  42  3:21  Drone x2  
  42  3:24  Overlord  
  44  3:27  Overlord  
  44  3:42  Queen  
  44  3:45  Zergling x6  
  49  3:49  Queen  
  51  3:58  Drone x8  
  58  4:04  Queen  
  58  4:08  Drone  
  58  4:09  Overlord  
  61  4:11  Overlord  
  61  4:23  Queen  
  63  4:26  Lair  
  63  4:27  Drone  
  63  4:28  Drone  
  65  4:36  Extractor  
  65  4:37  Extractor  
  65  4:38  Extractor, Drone x6  
  62  4:39  Queen  
  62  4:44  Overlord x2  
  70  4:46  Overlord  
  70  4:48  Drone  
  70  4:51  Baneling Nest  
  70  5:04  Zergling x18  
  79  5:09  Extractor, Drone  
  79  5:10  Extractor  
  79  5:13  Overlord  
  79  5:14  Drone x4  
  82  5:27  Zergling x6  
Show
View Real Time Build Order
Export as new Build Order

RatioPlusL Terran - Winner!

Build Orders: Reaper Expand 

Get SALT Encoding   

  12  0:00  SCV  
  13  0:12  SCV  
  14  0:19  Supply Depot  
  14  0:24  SCV  
  15  0:41  SCV  
  16  0:44  Barracks  
  16  0:46  Refinery  
  16  0:53  SCV  
  17  1:05  SCV  
  18  1:17  SCV  
  19  1:31  Reaper, Orbital Command  
  20  1:45  Command Center  
  20  1:53  Supply Depot  
  20  2:01  SCV  
  21  2:03  Marine  
  22  2:11  Factory  
  23  2:15  SCV  
  23  2:21  Refinery  
  23  2:24  Barracks Reactor  
  23  2:27  SCV  
  24  2:41  SCV  
  25  2:53  SCV  
  25  2:58  Starport  
  26  2:59  Orbital Command  
  27  3:07  Hellion, Barracks Tech Lab  
  27  3:09  Hellion  
  27  3:10  SCV  
  31  3:18  Supply Depot  
  31  3:22  SCV  
  31  3:25  SCV  
  33  3:29  Marine, Stimpack  
  33  3:33  Hellion  
  36  3:36  Hellion  
  36  3:39  SCV  
  36  3:41  SCV  
  40  3:47  Viking  
  42  3:51  SCV  
  42  3:53  SCV  
  42  3:54  Marine  
  45  3:56  Supply Depot  
  45  4:02  Hellion  
  47  4:04  Hellion  
  47  4:05  SCV  
  47  4:07  SCV  
  51  4:14  Marine  
  51  4:17  Armory, Medivac  
  52  4:20  SCV  
  52  4:21  SCV  
  56  4:27  Supply Depot  
  56  4:29  Hellion  
  58  4:32  Hellion  
  58  4:35  Marine  
  58  4:37  SCV  
  62  4:48  SCV  
  63  4:53  Command Center  
  67  5:02  Starport Reactor  
  67  5:04  SCV  
  67  5:05  Supply Depot  
  64  5:07  Factory  
  64  5:08  SCV  
  64  5:09  Factory Tech Lab  
  65  5:16  SCV  
  65  5:17  Supply Depot  
  65  5:21  Barracks  
  66  5:27  SCV  
  67  5:36  SCV, Supply Depot  
  67  5:37  Refinery  
  66  5:49  Supply Depot, Refinery  
Tags
 
Add a new tag
Caveats
  • Supply blocks, unpowered buildings, or Contaminate may cause inaccurate times.
  • Supply counts are checked every 10 seconds.